 Dungeon Crawl Stone Soup version 0.18.1-48-g4cf74bf (webtiles) character file.

289 theElss the Conjurer (level 6, -7/36 HPs)
             Began as a High Elf Conjurer on Aug 30, 2016.
             Mangled by dorian's ghost (13 damage)
             ... on level 4 of the Dungeon.
             The game lasted 00:13:43 (3600 turns).

theElss the Conjurer (High Elf Conjurer)            Turns: 3600, Time: 00:13:47

Health: -7/36      AC:  3    Str:  9    XL:     6   Next: 9%
Magic:  8/13       EV: 10    Int: 18    God:
Gold:   124        SH:  0    Dex: 17    Spells: 3 memorised, 7 levels left

rFire  . . .     SeeInvis .     (no weapon)
rCold  . . .     Gourm    .     a - +0 robe
rNeg   . . .     Faith    .     (no shield)
rPois  .         Spirit   .     (no helmet)
rElec  .         Dismiss  .     (no cloak)
rCorr  .         Reflect  .     (no gloves)
SustAt .         Harm     .     k - +0 pair of boots
MR     .....                    (no amulet)
Stlth  ++........               (no ring)
                                (no ring)

@: very slightly contaminated, constricted, not resistant to hostile
enchantments, unstealthy
A: no striking features
a: no special abilities


You were on level 4 of the Dungeon.
You were not hungry.

You visited 1 branch of the dungeon, and saw 4 of its levels.

You collected 124 gold pieces.

Inventory:

Armour
 a - a +0 robe (worn)
 k - a +0 pair of boots (worn)
Wands
 t - a wand of random effects (27/48)
Scrolls
 d - a scroll of amnesia {unknown}
 f - 2 scrolls of teleportation {unknown}
 g - 2 scrolls of enchant armour {unknown}
 i - a scroll of magic mapping {unknown}
 l - a scroll of remove curse {unknown}
 o - a scroll of identify {unknown}
 s - a scroll of recharging {unknown}
Potions
 e - 3 potions of curing {unknown}
 j - a potion of resistance {unknown}
 m - a potion of flight {unknown}
 q - a potion of brilliance {unknown}
Books
 b - a book of Conjurations

   Spells                             Type                      Level
   a - Magic Dart                     Conjuration                  1
   b - Searing Ray                    Conjuration                  2
   c - Dazzling Spray                 Conjuration/Hexes            3
   d - Fulminant Prism                Conjuration/Hexes            4
   e - Iskenderun's Mystic Blast      Conjuration                  4
   f - Iskenderun's Battlesphere      Conjuration/Charms           5
Comestibles
 c - 3 bread rations
 h - a beef jerky
 n - 2 chunks of flesh
 p - 2 slices of pizza
 r - a meat ration


   Skills:
 + Level 0.2 Fighting
 + Level 3.1 Dodging
 - Level 2.1 Stealth
 + Level 4.5 Spellcasting
 + Level 6.7 Conjurations


You had 7 spell levels left.
You knew the following spells:

 Your Spells              Type           Power        Failure   Level  Hunger
a - Magic Dart            Conj           ####         1%          1    None
c - Searing Ray           Conj           ####..       1%          2    #......
d - Iskenderun's Mystic   Conj           ####....     12%         4    ####...


Dungeon Overview and Level Annotations

Branches:
Dungeon (4/15)
 Temple: D:4-7

Altars:
Ashenzari
Nemelex Xobeh

Annotations:
D:2 Sigmund
D:3 exclusion: phantom
D:4 dorian's ghost, amateur HESk


Message History

Aim: dorian's ghost, wielding a weapon of electrocution (lightly damaged)
The searing ray hits dorian's ghost.
Dorian's ghost is lightly damaged.
The searing ray hits dorian's ghost.
Dorian's ghost is moderately damaged.
The searing ray hits dorian's ghost.
Dorian's ghost is moderately damaged.
The searing ray misses dorian's ghost.
Dorian's ghost hits you! Dorian's ghost barely misses you.
A ball python comes into view.
There is a stone staircase leading up here.
The ball python bites you. The ball python grabs you.
You stop ascending the stairs.
The ball python constricts you.
You escape the ball python's grasp.
The ball python bites you but does no damage.
The ball python grabs you.
You stop ascending the stairs.
The ball python constricts you. Dorian's ghost hits you!
* * * LOW HITPOINT WARNING * * *
You are electrocuted!
You die...

.#..#..## ##.......#
#....## # #.....##
#.......###...## .....##
#.......#.. )# ....##
##.......... # ##..#
##........... ## ##..#
##............ ##. ....#
##............# ##.. ...##
##.....#.......# ##...
#..# #....###@......##
##...# .#.#
##...####SW......####...##
..## #....#
#...............## .##
#....###...............#
.#
#......................#
.##
#......................###
W.#
##.......................#
..##
#..........>......####...
...## ##................##
####


You could see dorian's ghost and a ball python.

Vanquished Creatures
  2 scorpions (D:4)
  An iguana (D:4)
  A hound skeleton (D:3)
  6 adders
  4 oozes (D:1)
  2 worms (D:4)
  A dart slug (D:2)
  3 giant geckos
  6 orcs (D:3)
  3 ball pythons
  6 bats
  3 giant cockroaches
  5 goblins
  5 hobgoblins
  2 jackals (D:3)
  6 kobolds
  2 quokkas
  A giant newt (D:4)
  A quokka skeleton (D:4)
  6 rats
66 creatures vanquished.

Notes
Turn   | Place    | Note
--------------------------------------------------------------
     0 | D:1      | theElss the High Elf Conjurer began the quest for the Orb.
     0 | D:1      | Reached XP level 1. HP: 11/11 MP: 4/4
   346 | D:1      | Reached XP level 2. HP: 14/17 MP: 3/6
   350 | D:1      | Learned a level 2 spell: Searing Ray
   653 | D:1      | Reached skill level 5 in Conjurations
   765 | D:1      | Reached XP level 3. HP: 21/21 MP: 2/8
  1422 | D:2      | Noticed Sigmund
  1890 | D:3      | Reached XP level 4. HP: 27/27 MP: 6/9
  1921 | D:3      | Learned a level 4 spell: Iskenderun's Mystic Blast
  2041 | D:3      | Noticed a phantom
  2438 | D:3      | Reached skill level 6 in Conjurations
  2505 | D:3      | Reached XP level 5. HP: 31/31 MP: 7/11
  2575 | D:3      | Found a shattered altar of Ashenzari.
  2789 | D:4      | Found a sparkling altar of Nemelex Xobeh.
  2956 | D:4      | Noticed dorian's ghost (amateur HESk)
  3290 | D:4      | Reached XP level 6. HP: 30/36 MP: 6/13
  3600 | D:4      | Mangled by dorian's ghost

Skill      XL: |  1  2  3  4  5 |
---------------+----------------+-----
Conjurations   | 5 6 |  6.7
Spellcasting   | 3 4 |  4.5
Dodging        | 3 |  3.1
Fighting       | |  0.2
Stealth        | |  2.1

Action                   |  1- 3 |  4- 6 || total
-------------------------+-------+-------++-------
Melee: Unarmed           |     5 |       ||     5
 Cast: Magic Dart        |    79 |    65 ||   144
       Searing Ray       |       |     7 ||     7
  Eat: Chunk             |     3 |     5 ||     8
Armor: Robe              |       |     1 ||     1
Dodge: Dodged            |    10 |     6 ||    16
